 Dungeon Crawl Stone Soup version 0.31-a0-1616-gbeaec30b81 (webtiles) character file.

Game seed: 1918061257631063837

397 shadizar the Slasher (level 6, 0/51 HPs)
             Began as a Gnoll Wanderer on Jan 10, 2024.
             Slain by a gnoll
             ... wielding a +0 halberd
              (15 damage)
             ... on level 4 of the Dungeon.
             The game lasted 00:05:13 (3045 turns).

shadizar the Slasher (Gnoll Wanderer)               Turns: 3045, Time: 00:05:13

Health: 0/51       AC:  3    Str: 14    XL:     6   Next: 83%
Magic:  9/9        EV: 12    Int:  9    God:
Gold:   216        SH:  0    Dex: 13    Spells: 9/9 levels left

rFire   . . .        a - +2 short sword
rCold   . . .        f - orb {light}
rNeg    . . .        e - +0 leather armour
rPois   .            o - +0 hat
rElec   .            (no cloak)
rCorr   .            (no gloves)
SInv    .            (no boots)
Will    .....        h - amulet of the acrobat
Stlth   +            (no ring)
HPRegen 0.28/turn    (no ring)
MPRegen 0.11/turn

%: acrobat
@: glowing
A: fangs 1, strong nose, distributed training
a: no special abilities


You were on level 4 of the Dungeon.
You visited 1 branch of the dungeon, and saw 4 of its levels.

You collected 216 gold pieces.

Inventory:

Hand Weapons
 a - a +2 short sword (weapon)
 b - a +0 falchion
Missiles
 l - a throwing net
Armour
 e - a +0 leather armour (worn)
 f - an orb of light (worn)
 o - a +0 hat (worn)
Magical Staves
 i - a staff of alchemy
Jewellery
 h - an amulet of the acrobat (around neck)
 j - a +6 ring of intelligence
 p - an amulet of magic regeneration
Talismans
 q - a storm talisman
Wands
 c - a wand of flame (1) (quivered)
Scrolls
 d - 2 scrolls of fog
 g - a scroll of silence {unknown}
 k - 4 scrolls of identify
 m - a scroll of blinking


   Skills:
 + Level 5.1 Fighting
 + Level 6.9 Short Blades
 + Level 6.9 Long Blades
 + Level 2.2 Axes
 + Level 2.2 Maces & Flails
 + Level 2.2 Polearms
 + Level 2.2 Staves
 + Level 2.2 Ranged Weapons
 + Level 2.2 Throwing
 + Level 2.2 Armour
 + Level 2.2 Dodging
 + Level 2.2 Stealth
 + Level 2.2 Shields
 + Level 2.2 Unarmed Combat
 + Level 2.2 Spellcasting
 + Level 1.8 Conjurations
 + Level 1.8 Hexes
 + Level 1.8 Summonings
 + Level 1.8 Necromancy
 + Level 1.8 Translocations
 + Level 1.8 Fire Magic
 + Level 1.8 Ice Magic
 + Level 1.8 Air Magic
 + Level 1.8 Earth Magic
 + Level 1.8 Alchemy
 + Level 2.4 Invocations
 + Level 5.1 Evocations
 + Level 2.0 Shapeshifting


You had 9 spell levels left.
You didn't know any spells.
Your spell library contained the following spells:

 Spells                   Type           Power      Damage    Failure   Level
 Shock                    Conj/Air       16%        1d4       19%         1
 Slow                     Hex            16%        N/A       19%         1
 Confusing Touch          Hex            4%         N/A       50%         3
 Sigil of Binding         Hex            4%         N/A       50%         3
 Swiftness                Air            4%         N/A       50%         3
 Vampiric Draining        Necr           4%         2d6       50%         3
 Airstrike                Air            2%         2d(1-17)  88%         4


Dungeon Overview and Level Annotations

Branches:
Dungeon (4/15)
 Temple: D:4-7

Altars:
Hepliaklqana
Okawaru


Innate Abilities, Weirdness & Mutations

You have very sharp teeth.
Your uncanny sense of smell can sniff out nearby items.
Your experience applies equally to all skills.


Message History

The gnoll is lightly wounded.
The gnoll hits you with a +0 halberd! The orc hits you with a +0 flail.
* * * LOW HITPOINT WARNING * * *
You are too injured to fight recklessly!
You are too injured to fight recklessly!
You are too injured to fight recklessly!
You are too injured to fight recklessly!
You are too injured to fight recklessly!
You are too injured to fight recklessly!
You are too injured to fight recklessly!
You are too injured to fight recklessly!
You are too injured to fight recklessly!
You are too injured to fight recklessly!
You are too injured to fight recklessly!
You feel better. The gnoll hits you with a +0 halberd!
* * * LOW HITPOINT WARNING * * *
The orc hits you with a +0 flail.
* * * LOW HITPOINT WARNING * * *
You feel better. The gnoll closely misses you.
The orc hits you with a +0 flail.
You completely miss the gnoll.
The gnoll is lightly wounded.
You hit the gnoll.
The gnoll is moderately wounded.
The orc hits you with a +0 flail.
* * * LOW HITPOINT WARNING * * *
The gnoll hits you with a +0 halberd.
* * * LOW HITPOINT WARNING * * *
You hit the gnoll.
The gnoll is heavily wounded.
The gnoll barely misses you. The orc hits you but does no damage.
You hit the gnoll.
The gnoll is severely wounded.
The gnoll closely misses you. The orc misses you.
You hit the gnoll but do no damage.
The gnoll is severely wounded.
You completely miss the gnoll.
The gnoll is severely wounded.
The gnoll hits you with a +0 halberd!
You die...

........................
~~~~~≈≈~~)...~~≈≈~~≈~~~~
≈≈≈≈≈≈≈≈~....≈≈≈≈≈≈≈≈≈≈~
~~~~≈~~~~....~~~~~~~~≈~~
........................
#########''''###########
#.^.....#....#
#.^...go#....#
#!.....@'....+
#+############ ∆ ∆ ∆∆
∆∆∆


You could see a gnoll and an orc.

Vanquished Creatures
  Sigmund (D:2)
  Natasha (thrice) (D:3)
  3 gnolls
  5 adders
  2 dart slugs (D:2)
  An orc (D:4)
  6 endoplasms
  2 giant cockroaches
  5 goblins
  9 hobgoblins
  8 jackals
  6 kobolds
  3 quokkas
  3 ball pythons (D:2)
  11 bats
  3 frilled lizards
  10 rats
81 creatures vanquished.

Notes
Turn   | Place    | Note
-------+----------+-------------------------------------------
     0 | D:1      | shadizar the Gnoll Wanderer began the quest for the Orb.
     0 | D:1      | shadizar set off with the following items: a +2 short
                  | sword, a +0 falchion, a wand of flame (7), a scroll of fog,
                  | a +0 leather armour.
     0 | D:1      | Reached XP level 1. HP: 20/20 MP: 1/1
   347 | D:1      | Reached XP level 2. HP: 20/26 MP: 2/2
   531 | D:1      | Reached XP level 3. HP: 23/31 MP: 3/3
   991 | D:2      | Noticed Sigmund
   997 | D:2      | Killed Sigmund
   998 | D:2      | Reached skill level 1 in Axes
   998 | D:2      | Reached skill level 1 in Maces & Flails
   998 | D:2      | Reached skill level 1 in Polearms
   998 | D:2      | Reached skill level 1 in Staves
   998 | D:2      | Reached skill level 1 in Ranged Weapons
   998 | D:2      | Reached skill level 1 in Throwing
   998 | D:2      | Reached skill level 1 in Armour
   998 | D:2      | Reached skill level 1 in Dodging
   998 | D:2      | Reached skill level 1 in Stealth
   998 | D:2      | Reached skill level 1 in Shields
   998 | D:2      | Reached skill level 1 in Unarmed Combat
   998 | D:2      | Reached skill level 1 in Spellcasting
   998 | D:2      | Reached skill level 1 in Conjurations
   998 | D:2      | Reached skill level 1 in Hexes
   998 | D:2      | Reached skill level 1 in Summonings
   998 | D:2      | Reached skill level 1 in Necromancy
   998 | D:2      | Reached skill level 1 in Translocations
   998 | D:2      | Reached skill level 1 in Fire Magic
   998 | D:2      | Reached skill level 1 in Ice Magic
   998 | D:2      | Reached skill level 1 in Air Magic
   998 | D:2      | Reached skill level 1 in Earth Magic
   998 | D:2      | Reached skill level 1 in Alchemy
   998 | D:2      | Reached skill level 1 in Invocations
   998 | D:2      | Reached skill level 1 in Shapeshifting
   998 | D:2      | Reached XP level 4. HP: 15/38 MP: 4/6
   998 | D:2      | Reached XP level 5. HP: 17/43 MP: 4/7
  1297 | D:2      | Reached XP level 6. HP: 36/50 MP: 8/8
  1731 | D:2      | Reached skill level 5 in Fighting
  1731 | D:2      | Reached skill level 5 in Evocations
  2147 | D:3      | Found an iron altar of Okawaru.
  2367 | D:3      | Found a hazy altar of Hepliaklqana.
  2372 | D:3      | Noticed Natasha
  2388 | D:3      | Killed Natasha
  2681 | D:3      | Noticed Natasha
  2682 | D:3      | Found a faded altar of an unknown god.
  2687 | D:3      | Killed Natasha
  2694 | D:3      | Noticed Natasha
  2701 | D:3      | Killed Natasha
  3045 | D:4      | Slain by a gnoll

Illustrated notes

Levels and vault maps discovered:
D:1:      nicolae_arrival_somewhat_less_tricky_arrival, layout_loops_corners
D:2:      layout_basic, grunt_ministairs_10, minmay_divided_ellipse,
          uniq_sigmund
D:3:      layout_basic, mainiacjoe_overflow_surrounded_room, okawaru_gym_becter,
          shapermc_ecumenical_altar_acropolis, uniq_natasha
D:4:      lemuel_castle_with_subvaults [lemuel_castle_interior_carwin_3],
          layout_gridville

Skill      XL: |  1  2  3  4  5  6 |
---------------+-------------------+-----
Axes           | 1 2 |  2.2
Maces & Flails | 1 2 |  2.2
Polearms       | 1 2 |  2.2
Staves         | 1 2 |  2.2
Ranged Weapons | 1 2 |  2.2
Throwing       | 1 2 |  2.2
Armour         | 1 2 |  2.2
Dodging        | 1 2 |  2.2
Stealth        | 1 2 |  2.2
Shields        | 1 2 |  2.2
Unarmed Combat | 1 2 |  2.2
Spellcasting   | 1 2 |  2.2
Conjurations   | 1 |  1.8
Hexes          | 1 |  1.8
Summonings     | 1 |  1.8
Necromancy     | 1 |  1.8
Translocations | 1 |  1.8
Fire Magic     | 1 |  1.8
Ice Magic      | 1 |  1.8
Air Magic      | 1 |  1.8
Earth Magic    | 1 |  1.8
Alchemy        | 1 |  1.8
Invocations    | 1 2 |  2.4
Shapeshifting  | 1 2 |  2.0
Fighting       | 5 |  5.1
Evocations     | 5 |  5.1
Short Blades   | |  6.9
Long Blades    | |  6.9

Action                     |  1- 3 |  4- 6 || total
---------------------------+-------+-------++-------
  Melee: Short sword       |    45 |   174 ||   219
         Bite              |     3 |     9 ||    12
  Evoke: Wand              |     6 |       ||     6
    Use: Scroll            |       |     5 ||     5
         Potion            |       |     2 ||     2
   Stab: Sleeping          |       |     1 ||     1
 Armour: Leather armour    |    23 |    81 ||   104
  Dodge: Dodged            |    13 |    98 ||   111

Table legend: (Time is in decaauts)
 A = Elapsed time spent in this place.
 B = Non-inter-level travel time spent in this place.
 C = Inter-level travel time spent in this place.
 D = Time resting spent in this place.
 E = Time spent auto-exploring this place.
 F = Levels seen in this place.
 G = Mean time per level.
                   A        B        C        D        E       F      G
               +--------+--------+--------+--------+--------+-----+--------+
         Total |   2972 |   2906 |     66 |      0 |   2447 |   4 |  743.0 |
       Dungeon |   2972 |   2906 |     66 |      0 |   2447 |   4 |  743.0 |
               +--------+--------+--------+--------+--------+-----+--------+

Top non-repeatable levels by time:
     D:2: 1021 daAuts
     D:1: 976 daAuts
     D:3: 863 daAuts
     D:4: 111 daAuts
